[Event "*** Titled Tuesday Blitz"]
[Site "Chess.com"]
[Date "2020.05.05"]
[Round "6"]
[White "Rytenko_V"]
[Black "DenLaz"]
[Result "0-1"]
[WhiteElo "2479"]
[BlackElo "2681"]
[TimeControl "180+1"]
[EndTime "11:09:27 PDT"]
[Termination "DenLaz won by checkmate"]

1. e4 e6 2. d4 b6 3. Nc3 Bb7 4. Bd3 d5 5. Nge2 dxe4 6. Bxe4 Bxe4 7. Nxe4 Be7 8. Nf4 Nf6 9. Nxf6+ Bxf6 10. Qf3 c6 11. c3 O-O 12. Nh5 Re8 13. O-O Be7 14.
Re1 g6 15. Bh6 Nd7 16. Qxc6 gxh5 17. Re3 Kh8 18. Rg3 Bf8 19. Bg5 f6 20. Bh4 Qe7 21. Re1 Qf7 22. Qb7 Bg7 23. h3 Ne5 24. Qe4 Ng6 25.
Rf3 f5 26. Bg5 Bf6 27. Qe3 Bxg5 28. Qxg5 h4 29. Rfe3 f4 30. Re4 Re7 31. d5 e5 32.
c4 Rf8 33. b4 Qf5 34. Qxf5 Rxf5 35. d6 Rd7 36. c5 Rf8 37. Rd1 Rc8 38. Rc4 Rc6 39.
Rd5 Kg7 40. a4 Kf6 41. b5 Rxc5 42. Rcxc5 bxc5 43. Rxc5 Ke6 44. a5 Kxd6 45. Rc6+ Kd5 46. Ra6 e4 47. Kf1 Ne5 48. b6 axb6 49. axb6 Rb7 50. Ra5+ Kd6 51. Rb5 Nd7 52. Rb4 Kd5 53. Rb5+ Kc6 54. Rh5 Rxb6 55. Rxh4 Rb1+ 56. Ke2 Rb2+ 57.
Ke1 Ne5 58. Kf1 Nd3 59. Rh6+ Kd5 60. Rxh7 Rxf2+ 61. Kg1 Rb2 62. Rd7+ Ke5 63. h4 f3 64. gxf3 Nf4 65. Re7+ Kf5 66. Rxe4 Rb3 67. Kf2 Nd3+ 68.
Kg3 Ne5 69. Rf4+ Kg6 70. Kg2 Nf7 71. Rg4+ Kh5 72. Kg3 Kh6 73. Rf4 Kg7 74. Kg4 Nh6+ 75. Kg5 Rb5+ 76. Rf5 Rxf5# 0-1

[Event "*** Titled Tuesday Blitz"]
[Site "Chess.com"]
[Date "2020.05.05"]
[Round "6"]
[White "Xeniya2005"]
[Black "erlesfar"]
[Result "0-1"]
[WhiteElo "2284"]
[BlackElo "2443"]
[TimeControl "180+1"]
[EndTime "11:09:28 PDT"]
[Termination "erlesfar won by checkmate"]

1. e4 d5 2. exd5 Qxd5 3. Nc3 Qa5 4. Nf3 Nf6 5. Bc4 Nc6 6. d3 Bg4 7. h3 Qh5 8. Bb5 e6 9. Be3 Bxf3 10. Qxf3 Qxf3 11.
gxf3 Be7 12. Ke2 O-O 13. a3 Ne5 14. Ne4 c6 15. Ba4 Ng6 16. Bb3 Nh5 17. Rag1 a5 18. c3 a4 19. Bc2 f5 20. Ng5 Bxg5 21. Rxg5 Ngf4+ 22. Kd2 h6 23. Rgg1 e5 24. Re1 b5 25.
Bxf4 exf4 26. Re6 Rac8 27. Rhe1 Nf6 28. Rd6 Rfd8 29. Rxd8+ Rxd8 30. Re6 Rc8 31. d4 Kf7 32. Bxf5 Rc7 33. Re5 g5 34. Be4 Nd7 35. Rf5+ Ke6 36. Kd3 Nb6 37. Rc5 Kd6 38. Kc2 Nc4 39. Rf5 Ke7 40. d5 cxd5 41. Rxd5 Nd6 42. Rd4 Ke6 43. Bd3 Rc5 44. Kd2 Re5 45. Rb4 h5 46. c4 bxc4 47. Bxc4+ Kf6 48. Bd3 Ra5 49. Bc2 Rd5+ 50. Kc1 Re5 51.
Be4 g4 52. hxg4 hxg4 53. Rxa4 g3 54. fxg3 fxg3 55. Ra8 Nxe4 56. fxe4 Rg5 57. Rf8+ Ke5 58. Rf1 g2 59. Rg1 Kxe4 60. Kc2 Kf3 61. b4 Kf2 62. Rxg2+ Kxg2 63. a4 Kf3 64. Kc3 Ke4 65. Kc4 Ke5 66. Kc5 Ke6+ 67. Kc6 Ke7 68. b5 Kd8 69. Kb7 Rg7+ 70.
Kb8 Rg4 71. a5 Rg5 72. b6 Rxa5 73. b7 Rb5 74. Ka7 Kc7 75. Ka8 Ra5# 0-1

[Event "*** Titled Tuesday Blitz"]
[Site "Chess.com"]
[Date "2020.05.05"]
[Round "6"]
[White "Azeryahu"]
[Black "Maghalashvili"]
[Result "1/2-1/2"]
[WhiteElo "2895"]
[BlackElo "2815"]
[TimeControl "180+1"]
[EndTime "11:09:31 PDT"]
[Termination "Game drawn - insufficient material"]

1. e4 c5 2. Nc3 d6 3. Nge2 Nf6 4.
h3 g6 5. g4 Bg7 6. Bg2 O-O 7. d3 Nc6 8. Be3 Rb8 9. Qd2 b5 10.
a3 a5 11. O-O b4 12. axb4 axb4 13. Nd1 h5 14. f3 Re8 15. Ng3 hxg4 16. fxg4 Nd4 17.
Nf2 b3 18. c3 Nc2 19. Ra7 Qb6 20. Raa1 Nxa1 21. Rxa1 Bb7 22. Bh6 Ra8 23. Rf1 Ra2 24.
Kh1 Rea8 25. Bxg7 Kxg7 26. g5 Nd7 27. Qf4 Ra1 28. Rxa1 Rxa1+ 29. Kh2 Ne5 30. h4 Ra2 31. Nd1 Ra1 32. Ne3 Rb1 33. d4 cxd4 34. cxd4 Nd3 35.
Qf3 Rxb2 36. h5 Rxg2+ 37. Nxg2 Qxd4 38. h6+ Kg8 39. h7+ Kxh7 40. Qxf7+ Qg7 41. Qxb3 Nc5 42. Qf3 Kg8 43. Nf4 Qb2+ 44. Kg1 Qb1+ 45. Kh2 Nxe4 46. Nxg6 Qc2+ 47. Ne2 Kg7 48. Nxe7 Nxg5 49. Qc3+ Qxc3 50. Nxc3 Kf6 51. Ned5+ Ke5 52. Nb4 Kd4 53. Nb5+ Kc5 54. Nxd6 Kxd6 55. Nc2 Nf3+ 56. Kg3 Ke5 57. Ne3 Ke4 58.
Ng4 Nd4 59. Nf2+ Ke3 60. Ng4+ Ke2 61. Ne5 Bd5 62. Kf4 Ne6+ 63. Kf5 Ke3 64. Ng4+ Kd4 65.
Nf6 Bc4 66. Ng4 Nc5 67. Nf6 Be6+ 68. Kf4 Nd3+ 69. Kg5 Ke5 70. Ng4+ Kd6 71. Ne3 Ne5 72. Nf5+ Kd5 73. Ne7+ Ke4 74. Ng6 Nf7+ 75. Kf6 Bb3 76.
Nf8 Kf4 77. Ne6+ Ke4 78. Kxf7 1/2-1/2

[Event "*** Titled Tuesday Blitz"]
[Site "Chess.com"]
[Date "2020.05.05"]
[Round "6"]
[White "DenishevM"]
[Black "woodhy"]
[Result "0-1"]
[WhiteElo "2579"]
[BlackElo "2426"]
[TimeControl "180+1"]
[EndTime "11:09:33 PDT"]
[Termination "woodhy won by resignation"]

1. Nf3 b6 2. e4 Bb7 3. Nc3 e6 4. d4 Nf6 5. Bd3 Bb4 6. Qe2 c5 7. dxc5 Bxc5 8. O-O O-O 9. Bg5 h6 10. Bh4 Be7 11. Rad1 Nc6 12. e5 Nh7 13. Bxe7 Qxe7 14. Bxh7+ Kxh7 15. Qd3+ Kg8 16. Qxd7 Rfd8 17. Qxe7 Nxe7 18.
Nd4 g5 19. Ndb5 Ng6 20. Nd6 Bc6 21. Rfe1 Nf4 22. f3 Kg7 23. Kf2 Rd7 24. g3 Ng6 25.
Nc4 Rc7 26. b3 b5 27. Nd6 Bxf3 28. Ncxb5 Rxc2+ 29. Kxf3 Rxa2 30. Re2 g4+ 31. Kf2 Rxe2+ 32. Kxe2 Nxe5 33. Rc1 a6 34. Nc3 Rb8 35. Rb1 Rb6 36. Nc4 Nxc4 37. bxc4 Rc6 38. Kd3 Rd6+ 39. Ke4 Kf6 40.
Rf1+ Ke7 41. c5 f5+ 42. Ke3 Rc6 43. Kd4 Rc7 44. Kc4 Kf6 45. Rd1 Ke5 46. Rd6 a5 47. Ra6 h5 48. Rxa5 Rc6 49. Nb5 f4 50. Nd4 Rc8 51.
gxf4+ Kxf4 52. Nxe6+ Kf3 53. Kd5 Kg2 54. c6 Kxh2 55.
Kd6 h4 56. Kd7 Rxc6 57. Kxc6 g3 58. Kd5 g2 59. Ra2 Kh1 60. Ke5 h3 61. Nf4 g1=Q 62. Ra3 Qe1+ 63. Kf5 Qb1+ 64. Rd3 h2 65. Kg4 Kg1 66.
Rg3+ Kf2 67. Rf3+ Ke1 68. Kg3 Qb8 69. Kxh2 Kd2 70. Kg3 Qg8+ 71. Kf2 Qa8 72. Rd3+ Kc2 73. Ke3 Qa7+ 74. Rd4 Qe7+ 75. Re4 Qc5+ 76. Kf3 Kd2 77.
Re2+ Kd1 78. Re3 Qc6+ 79. Re4 Kc2 80. Ke3 Qc3+ 81. Nd3 Qxd3+ 0-1

[Event "*** Titled Tuesday Blitz"]
[Site "Chess.com"]
[Date "2020.05.05"]
[Round "6"]
[White "mamonika"]
[Black "Wolverine_master"]
[Result "0-1"]
[WhiteElo "1972"]
[BlackElo "2211"]
[TimeControl "180+1"]
[EndTime "11:09:35 PDT"]
[Termination "Wolverine_master won on time"]

1. e4 c5 2. Nf3 g6 3. d4 cxd4 4. Nxd4 Bg7 5. c4 Nc6 6. Be3 Nf6 7. Nc3 d6 8. Be2 O-O 9. O-O Bd7 10. f3 Nxd4 11. Bxd4 Bc6 12. Rc1 a5 13. b3 a4 14.
b4 Bd7 15. a3 Re8 16. Nd5 Nxd5 17. cxd5 Rc8 18. Qd3 Rxc1 19. Rxc1 Qb8 20. Bxg7 Kxg7 21. Qd4+ Kg8 22. Kf2 Rc8 23. Rc3 Rxc3 24. Qxc3 Qa7+ 25. Qe3 Qxe3+ 26. Kxe3 b5 27. f4 Kg7 28. e5 f6 29.
Kd4 h6 30. h4 g5 31. Bh5 gxf4 32. e6 Bc8 33. Be8 Ba6 34. Ke4 Kf8 35. Bc6 Kg7 36. Kxf4 Kg6 37. Be8+ Kg7 38. Kf5 Kh7 39. g4 Kg7 40. Bg6 Kf8 41. Bh5 Bb7 42. Kg6 Bxd5 43.
Kxh6 Bxe6 44. g5 fxg5 45. hxg5 Kg8 46. Bg6 Bf7 47. Bh7+ Kf8 48. g6 Bg8 49. g7+ Kf7 50.
Bd3 Kf6 51. Bxb5 e5 52. Bxa4 e4 53. Bc2 d5 54. a4 Ke5 55. a5 d4 56. b5 d3 57. Bd1 e3 58. a6 e2 59. Bxe2 dxe2 60. a7 e1=Q 61. a8=Q Qh4+ 62. Kg6 Bh7+ 63. Kf7 Qf6+ 64.
Ke8 Bg6+ 65. Kd7 Qd6+ 66. Kc8 Bf5+ 67. Kb7 Be4+ 68. Ka7 Qc7+ 69. Ka6 Bxa8 70. g8=Q Bb7+ 71. Ka7 Bd5+ 0-1

[Event "*** Titled Tuesday Blitz"]
[Site "Chess.com"]
[Date "2020.05.05"]
[Round "6"]
[White "GukeshDommaraju"]
[Black "Nikolaj_6"]
[Result "0-1"]
[WhiteElo "2786"]
[BlackElo "2633"]
[TimeControl "180+1"]
[EndTime "11:09:37 PDT"]
[Termination "Nikolaj_6 won by resignation"]

1. e4 c5 2. Nf3 d6 3. d4 cxd4 4. Nxd4 Nf6 5. Nc3 a6 6. Be2 e5 7. Nb3 Be7 8. O-O O-O 9. Be3 Be6 10. Qd2 Nbd7 11. a4 Rc8 12. a5 Qc7 13. Rfd1 Qc6 14. Bf3 h6 15. Qe1 Rfd8 16. Nd2 Qc7 17. Nf1 Qb8 18. Bd2 b5 19. axb6 Nxb6 20. Ne3 Nc4 21.
Nxc4 Bxc4 22. b3 Bb5 23. Nxb5 axb5 24. Ba5 Rd7 25. c3 Bd8 26. Bb4 Bb6 27. Qe2 Bc5 28.
Ba5 Bb6 29. Bb4 Bc5 30. Ra5 Bxb4 31. cxb4 Rb7 32. h4 Rc3 33. Rda1 Qc7 34. Ra8+ Kh7 35. Qd1 Qc6 36. R8a6 Rb6 37. Ra7 Rb7 38. Rxb7 Qxb7 39. Qxd6 Qc7 40. Qxc7 Rxc7 41. Ra5 Rb7 42. Kf1 g5 43.
hxg5 hxg5 44. Be2 Nxe4 45. Bd3 f5 46. g4 Nd2+ 47. Ke2 Nxb3 48. Bxf5+ Kg7 49. Ra6 Nd4+ 50. Ke3 Nxf5+ 51. gxf5 Rc7 52. Ke4 Rc4+ 53. Kxe5 Rxb4 54. f6+ Kg6 55. Ra7 Rf4 56. Rg7+ Kh6 57. Ke6 b4 58. Rb7 Kg6 59. f7 Rf6+ 60. Ke5 Rxf7 61. Rb6+ Kh5 62.
Rxb4 Rxf2 63. Rb8 Kg4 64. Rb4+ Rf4 65. Rb1 Rf2 66. Rg1+ Kh4 67. Rh1+ Kg3 68. Rg1+ Kh4 69. Rh1+ Kg4 70. Rg1+ Kh5 71. Rh1+ Kg6 72. Ke4 g4 73. Rg1 Kg5 74. Ke3 Rf6 75. Ke2 Kh4 76. Rh1+ Kg3 77. Rh8 Kg2 78. Rg8 Re6+ 79. Kd2 g3 80. Rg7 Kf2 0-1

[Event "*** Titled Tuesday Blitz"]
[Site "Chess.com"]
[Date "2020.05.05"]
[Round "6"]
[White "LiderChessAcademy"]
[Black "hongnhung1234"]
[Result "1/2-1/2"]
[WhiteElo "2456"]
[BlackElo "2233"]
[TimeControl "180+1"]
[EndTime "11:09:40 PDT"]
[Termination "Game drawn - insufficient material"]

1. d4 f5 2. Bg5 g6 3. h4 Bg7 4. Nc3 d6 5. e4 h6 6. Bf4 Nf6 7. exf5 Bxf5 8. Bd3 Qd7 9. Nf3 Nc6 10. Bxf5 Qxf5 11. Qd2 Ne4 12. Nxe4 Qxe4+ 13. Be3 O-O-O 14. O-O-O Kb8 15. Rhe1 Qd5 16. Kb1 e5 17. dxe5 Qxd2 18. Rxd2 Nxe5 19. Nxe5 Bxe5 20. f4 Bf6 21. Bd4 Bxh4 22.
Rh1 Rhe8 23. a3 g5 24. f5 Rd7 25. g3 Bxg3 26. Rxh6 Rf7 27. f6 Bf4 28. Re2 Ref8 29. Re7 c5 30. Bc3 d5 31. Rxf7 Rxf7 32. Rh8+ Kc7 33.
Rg8 Kd6 34. b4 b6 35. bxc5+ bxc5 36. Ba5 Rxf6 37. Bd8 Rf7 38. Bxg5 Rb7+ 39. Ka2 Be5 40. Bc1 c4 41. Rg6+ Kc5 42. Rg5 Bf6 43. Rf5 Bd4 44.
a4 Rh7 45. Ba3+ Kc6 46. Rf4 Be5 47. Rf5 Bc3 48. Rf3 d4 49. Rf6+ Kd5 50. Rd6+ Ke4 51. Rc6 Rh2 52. Rxc4 Rxc2+ 53. Kb3 Kd3 54. Rc8 Re2 55.
Bc5 a5 56. Rd8 Rb2+ 57. Ka3 Rb1 58. Bxd4 Bxd4 59. Ka2 Rb2+ 60. Ka3 Rb4 61. Rc8 Kd2 62. Rd8 Kc3 63. Rc8+ Rc4 64. Rd8 Bc5+ 65. Ka2 Rxa4+ 66. Kb1 Bd4 67. Rg8 Kd3 68. Rg3+ Be3 69. Rg8 Rb4+ 70. Ka2 Rb7 71. Rd8+ Bd4 72. Rc8 Ra7 73. Ka3 a4 74.
Ka2 a3 75. Rb8 Ra4 76. Rb3+ Kc2 77. Rxa3 Rb4 78. Ra5 Rb2+ 79. Ka3 Rb3+ 80. Ka4 Bc3 81. Rb5 Rxb5 82. Kxb5 1/2-1/2

[Event "*** Titled Tuesday Blitz"]
[Site "Chess.com"]
[Date "2020.05.05"]
[Round "6"]
[White "Jaka_Brilej"]
[Black "Anna_ChessMate"]
[Result "1/2-1/2"]
[WhiteElo "2376"]
[BlackElo "2510"]
[TimeControl "180+1"]
[EndTime "11:09:51 PDT"]
[Termination "Game drawn by agreement"]

1. e4 c6 2. Nf3 d5 3. Nc3 Bg4 4.
h3 Bxf3 5. Qxf3 Nf6 6. d4 dxe4 7. Nxe4 Qxd4 8. Bd3 Nbd7 9. c3 Qd5 10. Bf4 Ne5 11. Nxf6+ gxf6 12. Qxd5 cxd5 13. Bb5+ Nc6 14. O-O-O e6 15.
Rhe1 O-O-O 16. Bg3 Bd6 17. Bh4 Be7 18. Re2 a6 19.
Bxc6 bxc6 20. f4 Kd7 21. Rd4 Rhg8 22. Ra4 Ra8 23. Be1 f5 24. g3 h5 25. b3 Bf6 26. c4 h4 27. cxd5 cxd5 28. gxh4 Rg1 29. Kd2 Rh1 30. b4 Rxh3 31. b5 a5 32. Re3 Rh2+ 33.
Re2 Rh1 34. Kd3 Rc8 35. Rxa5 Rc4 36. Ra7+ Ke8 37. Ra8+ Ke7 38. b6 Rh3+ 39. Re3 Rd4+ 40. Ke2 Rh2+ 41. Bf2 Rb4 42. Rb3 Rxf4 43. Rf3 Re4+ 44.
Re3 Rb4 45. Rb3 Rxb3 46. axb3 Be5 47. b7 Bg3 48. Kf3 Be5 49. b8=Q Bxb8 50. Rxb8 e5 51.
Bc5+ Kf6 52. Rb6+ Kg7 53. Bf2 Rh3+ 54. Kg2 Rc3 55. b4 d4 56. Rd6 d3 57. b5 Rb3 58.
Be3 f4 59. Bd2 e4 60. Bxf4 Rxb5 61. Rd4 f5 62. Kf2 Rb2+ 63. Ke1 Re2+ 64. Kd1 Kg6 65. Rd6+ Kh5 66. Bg5 Kg4 67. Rg6 Kf3 68. Bd2 f4 69. Rf6 e3 70. Bxe3 Kxe3 71. Re6+ Kf2 72. Rd6 d2 73.
Rxd2 Rxd2+ 74. Kxd2 f3 75. h5 Kg2 76. h6 f2 77. h7 f1=Q 78. h8=Q Qf4+ 79. Kc2 Qe4+ 80.
Kb2 Qb7+ 81. Kc3 Qc7+ 82. Kb4 Qb6+ 83. Kc4 Qa6+ 84. Kc5 Qa5+ 85. Kc4 Qa4+ 86. Kc5 Qa3+ 87. Kc4 Qa2+ 1/2-1/2

[Event "*** Titled Tuesday Blitz"]
[Site "Chess.com"]
[Date "2020.05.05"]
[Round "6"]
[White "sm_sharon"]
[Black "Kaponov"]
[Result "0-1"]
[WhiteElo "2184"]
[BlackElo "2069"]
[TimeControl "180+1"]
[EndTime "11:09:51 PDT"]
[Termination "Kaponov won on time"]

1. e4 e6 2. Nf3 d5 3. Nc3 Nf6 4. d3 dxe4 5. Nxe4 Nxe4 6. dxe4 Qxd1+ 7. Kxd1 Bc5 8. Ke1 Nc6 9. c3 f6 10. Bb5 Bd7 11. Ke2 e5 12. Be3 Bxe3 13. Kxe3 a6 14.
Bxc6 Bxc6 15. Ne1 Ke7 16. Nd3 b6 17. Rhd1 Rad8 18. f3 Rd7 19. Rd2 Rhd8 20. Rad1 Bb5 21. Nb4 Rxd2 22. Rxd2 Rxd2 23. Kxd2 a5 24. Nd5+ Kd6 25.
b3 Bc6 26. Ne3 Bd7 27. g3 Be6 28. c4 c6 29. Kc3 Kc5 30. a3 Kd6 31. b4 axb4+ 32.
axb4 b5 33. cxb5 cxb5 34. f4 g5 35. f5 Bf7 36. Ng4 Ke7 37. Kd2 Bh5 38. Ne3 Bf7 39. Ke2 h5 40. Kf3 Kd6 41. h4 gxh4 42. gxh4 Ke7 43. Ke2 Bg8 44. Kd3 Ba2 45. Kc3 Bb1 46.
Nd5+ Kf7 47. Nc7 Bxe4 48. Nxb5 Bxf5 49. Kd2 Bd7 50. Nd6+ Ke6 51. Ne4 f5 52. Nc5+ Kd6 53.
Ke3 Bb5 54. Nb7+ Kd5 55. Nd8 f4+ 56. Kf3 Kc4 57. Nf7 Kd4 58. Ng5 Bc6+ 59. Ke2 e4 60.
Ne6+ Ke5 61. Nc5 e3 62. Nd3+ Ke4 63. Nc5+ Kf5 64. Nb3 Kg4 65. Nd4 Bd5 66. b5 Bc4+ 67.
Ke1 f3 68. Nxf3 Kxf3 69. b6 Ba6 0-1

[Event "*** Titled Tuesday Blitz"]
[Site "Chess.com"]
[Date "2020.05.05"]
[Round "6"]
[White "WildTricks"]
[Black "hazy13"]
[Result "1/2-1/2"]
[WhiteElo "2472"]
[BlackElo "2187"]
[TimeControl "180+1"]
[EndTime "11:09:58 PDT"]
[Termination "Game drawn by repetition"]

1. e4 c5 2. Nf3 g6 3. d4 cxd4 4.
Qxd4 Nf6 5. e5 Nc6 6. Qa4 Nd5 7. Qe4 Ndb4 8. Bb5 Qa5 9. Nc3 d5 10. exd6 Bf5 11. Qe5 Nxc2+ 12. Ke2 O-O-O 13. Qxh8 Nxa1 14. Qxh7 Nc2 15. Rd1 e5 16. Qxf7 N6d4+ 17. Nxd4 Nxd4+ 18. Kf1 Nxb5 19. Qc4+ Nc7 20. Qxc7+ Qxc7 21. dxc7 Rxd1+ 22. Nxd1 Bd3+ 23. Ke1 Kxc7 24. Ne3 Kc6 25. Kd2 Be4 26. f3 Bb1 27. a3 Bh6 28. Kc3 Bxe3 29. Bxe3 a6 30. Bh6 Bf5 31. Kd2 Kd5 32. Ke3 Bc2 33.
Bg7 Bb1 34. h4 Bc2 35. g4 Bb1 36. Bf6 Bc2 37. f4 exf4+ 38. Kxf4 Ke6 39. Bc3 Bb1 40. Kg5 Kf7 41. Kh6 Kg8 42. Kg5 Kf7 43. Kf4 Ke6 44.
Bd4 Kd5 45. Bf2 Ke6 46. a4 Bc2 47. a5 Bb1 48. b3 Bc2 49. b4 Bb1 50. Kg5 Kf7 51. Bd4 Bc2 52. Bb2 Bb1 53. Kf4 Ke6 54. Ke3 Kd5 55. Bd4 Kc4 56. Bc5 Kd5 57. Bd4 Kc4 58. Bb6 Kd5 59. Kf4 Ke6 60. Bd4 Kf7 61.
Ke5 Ke7 62. Bc5+ Kf7 63. Be3 Bc2 64. Bh6 Bd3 65. Kd6 Be4 66. Ke5 Bd3 67. Be3 Bc2 68. Bd4 Bd3 69. Kf4 Bc2 70. Kg5 Bd3 71. Kh6 Bc2 72. h5 gxh5 73. Kxh5 Bg6+ 74. Kg5 Bd3 75.
Kh6 Bc2 76. Kg5 Bd3 77. Kf4 Bc2 78. Ke5 Bd3 79. Kd6 Be4 80. g5 Bd3 81. Bf6 Be4 82. Bb2 Kg6 83. Ke5 Bf3 84. Kf4 Bh1 85.
Bf6 Bc6 86. Ke5 Bh1 87. Kd6 Bg2 88. Kc5 Bf3 89. Kb6 Bg2 90. Ka7 Bc6 91. Ka8 Be4 92. Kb8 Bc6 93. Kc7 Bd5 94. Kd6 Be4 95. Kc5 Bf3 96.
Bd8 Bc6 97. Bf6 Bf3 1/2-1/2

[Event "*** Titled Tuesday Blitz"]
[Site "Chess.com"]
[Date "2020.05.05"]
[Round "6"]
[White "Grineva_Marianna"]
[Black "Kislov_Oleg"]
[Result "1/2-1/2"]
[WhiteElo "2158"]
[BlackElo "2319"]
[TimeControl "180+1"]
[EndTime "11:10:03 PDT"]
[Termination "Game drawn - timeout vs insufficient material"]

1. d4 Nf6 2. c4 e6 3. Nc3 Bb4 4. e3 d5 5. Ne2 O-O 6. a3 Be7 7.
Ng3 c5 8. dxc5 Bxc5 9. b4 Be7 10. Bb2 a5 11. b5 b6 12. cxd5 exd5 13. Be2 Be6 14.
O-O Nbd7 15. Bf3 Ne5 16. Rc1 Nc4 17. Qb3 Nd2 18. Qc2 Nxf1 19. Nxf1 Rc8 20. Qd3 Qd7 21. Rd1 Rfd8 22. g3 Qc7 23. Qd4 Bc5 24. Qh4 Qe7 25.
Na4 Bxa3 26. Bxf6 Qxf6 27. Qxf6 gxf6 28. Nxb6 Rc5 29. Be2 Rc1 30. Rxc1 Bxc1 31. Na4 Bh3 32. b6 Rb8 33. f4 Bd7 34. Nc5 Bc6 35. Nb3 Ba3 36. Nxa5 Rxb6 37. Nxc6 Rxc6 38. Kf2 Bc5 39. Kf3 Re6 40. Bd3 d4 41. e4 Kg7 42.
Nd2 Ra6 43. Bxa6 Bb6 44. Nb3 Kg6 45. Bd3 Kg7 46. h4 h6 47. e5 fxe5 48. fxe5 f6 49. Ke4 fxe5 50. Kxe5 Bc7+ 51. Kxd4 Bxg3 52. h5 Bf4 53. Ke4 Bg5 54. Nd4 Kh8 55. Nf3 Kg7 56. Kf5 Kh8 57. Bc4 Kg7 58. Be6 Bd2 59. Ne5 Bg5 60. Ng4 Bd2 61. Ne5 Bg5 62. Nc6 Bd2 63. Nd4 Bg5 64. Bd5 Be3 65. Ne6+ Kh8 66. Kg6 Bg5 67. Nc7 Bc1 68. Nb5 Bg5 69. Nd6 Bd2 70. Nf7+ Kg8 71. Nxh6+ Kh8 72. Nf5 Bc1 73. Bf7 Bd2 74.
Be8 Bc1 75. Bd7 Bd2 76. h6 Bc1 77. Bc6 Bd2 78. Be4 Bxh6 79. Kxh6 Kg8 80. Bd5+ Kf8 81. Kg6 Ke8 82. Kf6 Kd7 83. Ke5 Kc7 84. Ke6 Kb6 1/2-1/2

[Event "*** Titled Tuesday Blitz"]
[Site "Chess.com"]
[Date "2020.05.05"]
[Round "6"]
[White "Aikiigm"]
[Black "keepitcool9499"]
[Result "0-1"]
[WhiteElo "2617"]
[BlackElo "2473"]
[TimeControl "180+1"]
[EndTime "11:10:27 PDT"]
[Termination "keepitcool9499 won on time"]

1. d4 e6 2. Bf4 Nf6 3. e3 d5 4. c4 Be7 5. Nf3 O-O 6. Nbd2 c6 7. Bd3 Nbd7 8. O-O dxc4 9. Nxc4 Nd5 10. Bg3 c5 11. Rc1 b5 12. Nd6 c4 13. Bb1 a6 14.
e4 N5f6 15. Qc2 Nh5 16. Nxc8 Rxc8 17. Rfd1 Nxg3 18. hxg3 Nb6 19. Qe2 Qc7 20. g4 Qf4 21. Ne5 Rfd8 22. g3 Qf6 23. f4 g6 24. Kg2 Bf8 25. g5 Qe7 26. Ng4 Bg7 27. e5 Na4 28. Nf6+ Bxf6 29. gxf6 Qb4 30. Rd2 c3 31.
bxc3 Nxc3 32. Qd3 Nd5 33. Rdc2 Rxc2+ 34. Bxc2 Rc8 35. Rb1 Qc3 36. Qxc3 Nxc3 37. Rb2 b4 38. Bb3 a5 39. Rc2 Rd8 40. Rd2 h5 41. Kf3 a4 42.
Bc4 Rc8 43. Ba6 Ra8 44. Bb7 Rb8 45. Ba6 b3 46. axb3 a3 47. Rh2 a2 48. Rxa2 Nxa2 49.
Bc4 Nb4 50. Ke2 Nd5 51. Kd3 h4 52. gxh4 Nxf4+ 53. Ke4 Ng2 54. d5 exd5+ 55. Bxd5 Nxh4 56. e6 fxe6 57. Bxe6+ Kf8 58. Kf4 Nf5 59. Kg5 Nd4 60. Bd5 Nxb3 61. Kxg6 Nc5 62. Kf5 Rb4 63. Ke5 Nd7+ 64. Kd6 Nb6 65. Be6 Nc4+ 66. Kc5 Rb6 67. Bxc4 Rxf6 68. Bd5 Ke7 69. Kd4 Rf5 70. Bc4 Kf6 71.
Bd3 Rg5 72. Be4 Rg4 73. Ke3 Ke5 74. Bc6 Rg3+ 75. Kf2 Kf4 76. Ke2 Ra3 77. Kd2 Ke5 78. Kc2 Kd4 79. Bb7 Rc3+ 80. Kb2 Rc5 81. Bf3 Rc3 82. Bb7 Kc4 83. Bd5+ Kb4 84. Bf7 Rf3 85. Be6 Rf2+ 86. Kb1 Kc3 87. Bd5 Rd2 88. Bf7 Rb2+ 89. Ka1 Rb7 90. Be6 Kc2 91. Bf5+ Kc3 92.
Be6 Rb5 93. Bd7 Ra5+ 94. Kb1 Rd5 95. Be6 Re5 96. Bf7 Rb5+ 97. Ka1 Rf5 98. Be6 Rf1+ 99.
Ka2 Re1 100. Bf7 Re5 101. Bg8 Ra5+ 102. Kb1 Ra8 103. Bf7 Rb8+ 0-1

[Event "*** Titled Tuesday Blitz"]
[Site "Chess.com"]
[Date "2020.05.05"]
[Round "6"]
[White "TST2014"]
[Black "kuba2006"]
[Result "0-1"]
[WhiteElo "2538"]
[BlackElo "2436"]
[TimeControl "180+1"]
[EndTime "11:10:42 PDT"]
[Termination "kuba2006 won on time"]

1. d4 Nf6 2. c4 d6 3. Nf3 Nbd7 4. Nc3 e5 5. e4 g6 6. Be2 Bg7 7. O-O O-O 8. Be3 c6 9. d5 c5 10. Ne1 Ne8 11. a3 f5 12. f3 f4 13. Bf2 g5 14. g4 fxg3 15. hxg3 Nef6 16. Ng2 Qe8 17. g4 Rf7 18. Nb5 Qe7 19. Ne3 Nf8 20. Nf5 Bxf5 21. exf5 e4 22. fxe4 Nxe4 23. Kg2 Bxb2 24. Rb1 Be5 25.
Bf3 Nxf2 26. Rxf2 a6 27. Nxd6 Qxd6 28. Re2 Re8 29. Qe1 b6 30. a4 a5 31. Rb3 Nd7 32. Rbe3 Rfe7 33. Re4 Qh6 34. Kg1 Qd6 35. Kg2 Qf6 36.
R4e3 Nb8 37. Re4 Na6 38. R4e3 Nb4 39. Qh1 Qd6 40. Qh5 Qf6 41. Qh3 Kg7 42. Qh5 Na6 43. Qh3 Nc7 44. Qh5 Rd8 45. Qh3 Ne8 46. Qh5 Nd6 47. Rc2 Rde8 48. Rb3 Nc8 49. Re3 Qh6 50. Qxh6+ Kxh6 51. Rce2 Kg7 52. Rb3 Kf6 53. Rbe3 Nd6 54.
Rc2 Bd4 55. Re6+ Rxe6 56. dxe6 Re7 57. Bd5 Ke5 58. Kf3 Kf6 59. Rh2 Kg7 60. Rh5 h6 61.
Rh1 Nc8 62. Rb1 Rc7 63. Ke4 Kf6 64. Rh1 Kg7 65. Rh5 Nd6+ 66. Kd3 Ne8 67. Rh1 Nf6 68. Rb1 Nxg4 69. Rxb6 Nf6 70. Ra6 g4 71. Rxa5 h5 72. Rb5 h4 73. a5 g3 74. a6 Nxd5 75. Rb7 g2 76. a7 Rxb7 77. a8=Q Rb3+ 78. Ke4 g1=Q 79.
Qa7+ Kh6 80. Kxd5 Qg2+ 81. Kd6 Qg3+ 82. Kd7 Rb8 83. Qa6 Qg8 84. e7+ Kh7 85. Qe6 Qxe6+ 86. Kxe6 Bf6 87. Kxf6 h3 88. Ke6 h2 89. f6 h1=Q 90. f7 Qe4+ 91. Kf6 Qf4+ 92. Ke6 Rb6+ 93.
Kd5 Qxf7+ 94. Kxc5 Re6 95. e8=Q Rxe8 0-1

[Event "*** Titled Tuesday Blitz"]
[Site "Chess.com"]
[Date "2020.05.05"]
[Round "6"]
[White "garicradomir"]
[Black "mirceaparligras"]
[Result "1/2-1/2"]
[WhiteElo "2368"]
[BlackElo "2621"]
[TimeControl "180+1"]
[EndTime "11:10:59 PDT"]
[Termination "Game drawn by repetition"]

1. e4 c5 2. Nf3 d6 3. Bb5+ Nc6 4. O-O Bd7 5. c3 Nf6 6. Re1 a6 7. Bf1 Bg4 8. d4 cxd4 9. cxd4 d5 10. exd5 Nxd5 11. h3 Bxf3 12. Qxf3 e6 13. Nc3 Nxc3 14. bxc3 Be7 15. Rb1 Qd7 16. Qg3 O-O 17. Bd3 Rac8 18.
Bd2 Bf6 19. Rb6 Na5 20. Reb1 Rfd8 21. Qg4 Rc6 22. Bxh7+ Kxh7 23. Qh5+ Kg8 24. Qxa5 Rxb6 25. Qxb6 Qd5 26. a4 Rd7 27. Qb4 e5 28. Be3 exd4 29.
cxd4 g6 30. a5 Kg7 31. Qc5 Qa2 32. Rb6 Qa1+ 33. Kh2 Bxd4 34. Bxd4+ Qxd4 35. Qxd4+ Rxd4 36. Rxb7 Rd5 37. Rb6 Rxa5 38. Kg3 Ra4 39. f3 Ra3 40. Kg4 Ra2 41. g3 Ra4+ 42. f4 Ra3 43. Kh4 Kh6 44. Kg4 Kg7 45. Kh4 Ra4 46. Kg4 Ra5 47. Kh4 Ra1 48. Kg4 Ra2 49. Kh4 Kh7 50. Kg4 Kg8 51.
Kh4 Kg7 52. Kg4 a5 53. Ra6 Ra4 54. Kg5 Ra3 55. Kh4 Ra4 56. Kg4 Kh6 57. Rb6 Rb4 58. Ra6 a4 59. Kh4 Kg7 60. g4 Rxf4 61. Kg5 Rb4 62.
Ra7 Rc4 63. h4 Rc5+ 64. Kf4 Rc4+ 65. Kg5 Rb4 66. h5 Rb5+ 67. Kh4 Rb4 68. Kg5 gxh5 69. Kxh5 Rb5+ 70. Kh4 Rb4 71. Kg5 Rb5+ 72. Kf4 Rb4+ 73. Kf5 Kf8 74. g5 Rb5+ 75. Kf6 Rb6+ 76. Kf5 Rb5+ 77.
Kf6 Rb6+ 78. Kf5 Kg7 79. Rxa4 Rb5+ 80. Kg4 Rb6 81. Rf4 Rc6 82. Re4 Rd6 83. Rf4 Rc6 84. Re4 Ra6 85. Rf4 Kg6 86. Re4 Rb6 87. Rf4 Rc6 88.
Re4 Rd6 89. Rf4 Rc6 90. Rf6+ Rxf6 91. gxf6 Kxf6 92. Kf4 Ke6 93. Ke4 Ke7 94. Ke5 Ke8 95. Kf6 Kf8 96. Kf5 Kg7 97. Kg5 f6+ 98. Kf5 Kf7 99.
Kf4 Ke6 100. Ke4 Ke7 101. Kf5 Kf7 102. Kf4 Kg6 103. Kg4 f5+ 104. Kf4 Kf6 105. Kf3 Ke5 106. Ke3 Ke6 107. Kf4 Kf6 108. Kf3 Kg5 109. Kg3 f4+ 110. Kf3 Kf5 111. Kf2 Ke4 112. Ke2 Ke5 113. Kf3 Kf5 114. Kf2 Kg4 115. Kg2 f3+ 116. Kf2 Kf4 117. Kf1 Ke3 118. Ke1 Ke4 119. Kf2 Kf4 120. Kf1 Kg3 121. Kg1 Kg4 122. Kf2 Kf4 1/2-1/2